 Dungeon Sprint DCSS version 0.20-a0-268-gb6bde61 (webtiles) character file.

109 esc the Fighter (level 4, -2/59 HPs)
             Began as an Ogre Hunter on Dec 7, 2016.
             Slain by Sigmund
             ... wielding a +4 scythe of venom
              (7 damage)
             ... in the Dungeon (Sprint I: "Red Sonja").
             The game lasted 00:01:06 (107 turns).

esc the Fighter (Ogre Hunter)                        Turns: 107, Time: 00:01:07

Health: -2/59      AC:  3    Str: 18    XL:     4   Next: 89%
Magic:  4/4        EV: 10    Int: 10    God:
Gold:   54         SH:  0    Dex: 10    Spells: 3/3 levels left

rFire  . . .     SeeInvis .     a - +0 short sword
rCold  . . .     Gourm    .     b - +0 robe
rNeg   . . .     Faith    .     (no shield)
rPois  .         Spirit   .     (helmet restricted)
rElec  .         Reflect  .     (no cloak)
rCorr  .         Harm     .     (gloves unavailable)
MR     .....     NoTele   +     (boots unavailable)
Stlth  +.........               (no amulet)
                                (no ring)
                                (no ring)

@: lethally poisoned (-2 -> -26)
A: unfitting armour, tough skin 1
a: no special abilities


You were in the Dungeon.
You were not hungry.

You visited 1 branch You collected 54 gold pieces.

Inventory:

Hand Weapons
 a - a +0 short sword (weapon)
Missiles
 d - 2 throwing nets {=f, !d}
Armour
 b - a +0 robe (worn)
Scrolls
 k - a scroll of blinking {!r}
Potions
 h - a potion of haste
 i - 3 potions of magic
 j - a potion of berserk rage {!q}
Comestibles
 f - a bread ration {@e1}
 l - 8 chunks of flesh {@w0}


   Skills:
 + Level 9.0 Fighting
 + Level 7.6 Throwing
 - Level 1.7 Dodging
 - Level 0.6 Stealth


You had 3 spell levels left.
You didn't know any spells.

Dungeon Overview and Level Annotations

Branches:
Dungeon (1/1)

Altars:

Annotations:
D Sigmund


Innate Abilities, Weirdness & Mutations

You are too large for most types of armour.
You have tough skin. (AC +1)


Message History

You throw a large rock {!d}.
The large rock {!d} barely misses Sigmund.
Sigmund hits you from afar with a scythe of venom!
You are poisoned.
You take 7 damage, and have 48/59 hp.
Aim: Sigmund, wielding a scythe of venom and wearing a robe (unusually agile)
You throw a large rock {!d}. The large rock {!d} hits Sigmund!
You feel sick. Sigmund barely misses you.
You take 1 damage, and have 47/59 hp.
Aim: Sigmund, wielding a scythe of venom and wearing a robe (heavily wounded, unusually agile)
You throw a large rock {!d}.
The large rock {!d} closely misses Sigmund.
You feel sick. Sigmund closely misses you.
You take 1 damage, and have 46/59 hp.
Aim: Sigmund, wielding a scythe of venom and wearing a robe (heavily wounded, unusually agile)
You throw a large rock {!d}.
The large rock {!d} closely misses Sigmund.
You feel sick. Sigmund misses you.
You take 1 damage, and have 45/59 hp.
Firing (i - inventory): No suitable missiles.
Aim: Sigmund, wielding a scythe of venom and wearing a robe (heavily wounded, unusually agile)
Okay, then.
You feel sick.
Sigmund screams, "Don't try to resist!"
Sigmund barely misses you.
There is an open door here.
You take 1 damage, and have 44/59 hp.
Sigmund hits you but does no damage.
You are more poisoned.
Unknown command.
Unknown command.
You feel sick.
You see here 4 large rocks {!d}.
You take 1 damage, and have 44/59 hp.
c - 4 large rocks {!d} You feel sick.
Sigmund barely misses you.
You take 1 damage, and have 43/59 hp.
Aim: Sigmund, wielding a scythe of venom and wearing a robe (heavily wounded, unusually agile)
You throw a large rock {!d}. The large rock {!d} misses Sigmund.
You feel sick. Sigmund closely misses you.
You take 2 damage, and have 41/59 hp.
Aim: Sigmund, wielding a scythe of venom and wearing a robe (heavily wounded, unusually agile)
You throw a large rock {!d}.
The large rock {!d} completely misses Sigmund.
You feel sick. Sigmund closely misses you.
Aim: Sigmund, wielding a scythe of venom and wearing a robe (heavily wounded, unusually agile)
You throw a large rock {!d}. The large rock {!d} hits Sigmund!
You feel sick.
Sigmund hits you with a scythe of venom.
You are more poisoned.
You take 5 damage, and have 36/59 hp.
Aim: Sigmund, wielding a scythe of venom and wearing a robe (severely wounded, unusually agile)
You throw a large rock {!d}.
The large rock {!d} barely misses Sigmund.
You feel sick.
Sigmund hits you with a scythe of venom!
You are more poisoned.
You take 10 damage, and have 26/59 hp.
You feel sick. Sigmund casts a spell at you. The magic dart hits you!
You take 4 damage, and have 22/59 hp.
You feel sick.
Sigmund mumbles some strange words.
Sigmund flickers and vanishes!
Deactivating autopickup; reactivate with Ctrl-A.
There is an open door here.
You take 1 damage, and have 21/59 hp.
You feel better.
You hear some strange, mumbled words.
A magic dart appears from out of thin air!
The magic dart hits you!
You take 3 damage, and have 18/59 hp.
You hear some strange, mumbled words.
A puff of flame appears from out of thin air!
The puff of flame hits you!
* * * LOW HITPOINT WARNING * * *
You take 8 damage, and have 10/59 hp.
You feel much better. Something hits you.
You are poisoned.
You regained 17 hp, and now have 27/59 hp.
You feel sick. Something hits you.
You are more poisoned.
You take 4 damage, and have 23/59 hp.
You hit something.
You feel sick.
You take 2 damage, and have 21/59 hp.
You feel sick. Something hits you!
* * * LOW HITPOINT WARNING * * *
You are more poisoned.
Things that are here:
a giant club; an ogre skeleton You take 11 damage, and have 10/59 hp.
* * * LOW HITPOINT WARNING * * *
You feel very sick.
There is an open door here.
You take 3 damage, and have 7/59 hp.
Okay, then.
Okay, then.
* * * LOW HITPOINT WARNING * * *
You feel sick. Something hits you!
You die...

#############
#<.#..@).#..+
#..'..#..'(.#
#.[#####'####
#..# #..#
#..# ####
#..# #⌠⌠#
####


There were no monsters in sight!

Vanquished Creatures
  An ogre (D)
  Ijyb (D)
2 creatures vanquished.

Notes
Turn   | Place    | Note
-------+----------+-------------------------------------------
     0 | D        | esc the Ogre Hunter began the quest for the Orb.
     0 | D        | Reached XP level 1. HP: 22/22 MP: 1/1
     1 | D        | Noticed Ijyb
     7 | D        | Killed Ijyb
     7 | D        | Reached skill level 6 in Fighting
     7 | D        | Reached skill level 5 in Throwing
     7 | D        | Reached XP level 2. HP: 28/36 MP: 2/2
     7 | D        | Reached XP level 3. HP: 35/44 MP: 3/3
    68 | D        | Noticed an ogre
    69 | D        | Killed an ogre
    69 | D        | Reached skill level 9 in Fighting
    69 | D        | Reached skill level 7 in Throwing
    69 | D        | Reached XP level 4. HP: 59/59 MP: 4/4
    83 | D        | Noticed Sigmund
   100 | D        | HP: 10/59 [something/puff of flame (8)]
   105 | D        | HP: 10/59 [something (9)]
   107 | D        | Slain by Sigmund

Vault maps used:
D:        dungeon_sprint_1

Skill      XL: |  1  2  3 |
---------------+----------+-----
Fighting       | 6 9 |  9.0
Throwing       | 5 7 |  7.6
Dodging        | |  1.7
Stealth        | |  0.6

Action                   |  1- 3 |  4- 6 || total
-------------------------+-------+-------++-------
Melee: Short sword       |       |     1 ||     1
Throw: Large rock        |     6 |     9 ||    15
  Use: Potion            |       |     2 ||     2
Armor: Robe              |     2 |     1 ||     3
Dodge: Dodged            |     1 |     7 ||     8

Vault maps used:
D:        dungeon_sprint_1

Table legend:
 A = Turns spent in this place as a percentage of turns spent in the entire game.
 B = Non-inter-level travel turns spent in this place as a percentage of non-inter-level travel turns spent in the entire game.
 C = Inter-level travel turns spent in this place as a percentage of turns spent in this place.
 D = Turns resting spent in this place as a percentage of non-inter-level travel turns spent in this place.
 E = Turns spent auto-exploring this place as a percentage of non-inter-level travel turns spent in this place.
 F = Non-inter-level travel turns spent in this place divided by the number of levels of this place that you've seen.
                   A       B       C       D       E      F
               +-------+-------+-------+-------+-------+----------------------
         Total | 100.0 | 100.0 |   0.0 |   3.6 |   0.0 |  56.0
       Dungeon | 100.0 | 100.0 |   0.0 |   3.6 |   0.0 |  56.0
               +-------+-------+-------+-------+-------+----------------------

Table legend:
 A = Kills in this place as a percentage of kills in entire the game.
 B = Kills by you in this place as a percentage of kills by you in the entire game.
 C = Kills by friends in this place as a percentage of kills by friends in the entire game.
 D = Other kills in this place as a percentage of other kills in the entire game.
 E = Experience gained in this place as a percentage of experience gained in the entire game.
 F = Experience gained in this place divided by the number of levels of this place that you have seen.
                   A       B       C       D       E      F
               +-------+-------+-------+-------+-------+----------------------
         Total | 100.0 | 100.0 |  -nan |  -nan | 100.0 | 156.0
       Dungeon | 100.0 | 100.0 |  -nan |  -nan | 100.0 | 156.0
               +-------+-------+-------+-------+-------+----------------------
